[gd_scene load_steps=11 format=2]

[ext_resource path="res://b.shader" type="Shader" id=1]
[ext_resource path="res://a.shader" type="Shader" id=2]
[ext_resource path="res://materials/grass.tres" type="Material" id=3]
[ext_resource path="res://town.gd" type="Script" id=5]
[ext_resource path="res://car_base.tscn" type="PackedScene" id=6]

[sub_resource type="ShaderMaterial" id=1]
shader = ExtResource( 1 )

[sub_resource type="ShaderMaterial" id=2]
next_pass = SubResource( 1 )
shader = ExtResource( 2 )

[sub_resource type="PlaneMesh" id=3]
material = SubResource( 2 )
size = Vector2( 10, 10 )
subdivide_width = 2
subdivide_depth = 2

[sub_resource type="PlaneMesh" id=4]
material = ExtResource( 3 )
size = Vector2( 1000, 1000 )

[sub_resource type="ConcavePolygonShape" id=5]
data = PoolVector3Array( 500, 0, 500, -500, 0, 500, 500, 0, -500, -500, 0, 500, -500, 0, -500, 500, 0, -500 )

[node name="TownScene" type="Spatial"]
script = ExtResource( 5 )

[node name="HBoxContainer" type="HBoxContainer" parent="."]
anchor_right = 1.0
anchor_bottom = 1.0
size_flags_horizontal = 3
size_flags_vertical = 3
alignment = 1
__meta__ = {
"_edit_use_anchors_": false
}

[node name="ViewportContainer2" type="ViewportContainer" parent="HBoxContainer"]
margin_right = 510.0
margin_bottom = 600.0
size_flags_horizontal = 3
size_flags_vertical = 3
stretch = true

[node name="Viewport" type="Viewport" parent="HBoxContainer/ViewportContainer2"]
size = Vector2( 510, 600 )
handle_input_locally = false
hdr = false
render_target_update_mode = 3
shadow_atlas_size = 1024
shadow_atlas_quad_0 = 1

[node name="CarBase2" parent="HBoxContainer/ViewportContainer2/Viewport" instance=ExtResource( 6 )]
transform = Transform( -0.996981, 0, 0.0776412, 0, 1, 0, -0.0776412, 0, -0.996981, 2.16306, 1, 0 )
color = Color( 1, 0, 0.329412, 1 )

[node name="ViewportContainer" type="ViewportContainer" parent="HBoxContainer"]
margin_left = 514.0
margin_right = 1024.0
margin_bottom = 600.0
size_flags_horizontal = 3
size_flags_vertical = 3
stretch = true

[node name="Viewport" type="Viewport" parent="HBoxContainer/ViewportContainer"]
size = Vector2( 510, 600 )
handle_input_locally = false
hdr = false
render_target_update_mode = 3
shadow_atlas_size = 1024
shadow_atlas_quad_0 = 1

[node name="CarBase" parent="HBoxContainer/ViewportContainer/Viewport" instance=ExtResource( 6 )]
transform = Transform( 1, 0, 0, 0, 1, 0, 0, 0, 1, -2.89296, 1, 0 )
color = Color( 0.407843, 1, 0, 1 )
accelerate_action = "accelerate2"
reverse_action = "reverse2"
turn_left_action = "turn_left2"
turn_right_action = "turn_right2"

[node name="HBoxContainer2" type="HBoxContainer" parent="."]
anchor_right = 1.0
anchor_bottom = 0.01
alignment = 1
__meta__ = {
"_edit_use_anchors_": false
}

[node name="ScoreRed" type="ColorRect" parent="HBoxContainer2"]
margin_right = 338.0
margin_bottom = 6.0
size_flags_horizontal = 3
size_flags_vertical = 3
color = Color( 1, 0, 0.329412, 1 )

[node name="ScoreWhite" type="ColorRect" parent="HBoxContainer2"]
margin_left = 342.0
margin_right = 681.0
margin_bottom = 6.0
size_flags_horizontal = 3
size_flags_vertical = 3
__meta__ = {
"_edit_use_anchors_": false
}

[node name="ScoreGreen" type="ColorRect" parent="HBoxContainer2"]
margin_left = 685.0
margin_right = 1024.0
margin_bottom = 6.0
size_flags_horizontal = 3
size_flags_vertical = 3
color = Color( 0.407843, 1, 0, 1 )

[node name="DirectionalLight" type="DirectionalLight" parent="."]
transform = Transform( 1, 0, 0, 0, -0.629475, 0.777021, 0, -0.777021, -0.629475, 0, 24.4076, 0 )
shadow_enabled = true

[node name="Water" type="MeshInstance" parent="."]
transform = Transform( 1, 0, 0, 0, 1, 0, 0, 0, 1, 0, 0.004, 0 )
cast_shadow = 0
mesh = SubResource( 3 )
material/0 = null

[node name="Terrain" type="MeshInstance" parent="."]
cast_shadow = 0
mesh = SubResource( 4 )
material/0 = null

[node name="StaticBody" type="StaticBody" parent="Terrain"]
collision_layer = 524288
collision_mask = 0

[node name="CollisionShape" type="CollisionShape" parent="Terrain/StaticBody"]
shape = SubResource( 5 )
